 Dungeon Sprint DCSS version 0.18-a0-1799-g6250cb2 (webtiles) character file.

17966 Kidiri the Unseen (level 12, -2/63 HPs)
             Began as a Spriggan Enchanter on Apr 23, 2016.
             Was the Champion of Dithmenos.
             Killed by divine providence
             ... invoked by a daeva
              (10 damage)
             ... in the Dungeon (Sprint I: "Red Sonja").
             The game lasted 00:11:51 (2788 turns).

Kidiri the Unseen (Spriggan Enchanter)              Turns: 2788, Time: 00:11:52

Health: -2/63      AC:  5    Str:  4    XL:     12   Next: 23%
Magic:  31/31      EV: 34    Int: 22    God:    Dithmenos [******]
Gold:   1801       SH:  0    Dex: 19    Spells: 5 memorised, 28 levels left

rFire  . . .     SeeInvis +     l - +0 short sword (distort)
rCold  . . .     Gourm    .     q - +2 robe {Archmagi}
rNeg   . . .     Faith    .     (shield restricted)
rPois  .         Spirit   .     (helmet restricted)
rElec  .         Dismiss  .     u - +0 cloak
rCorr  .         Reflect  .     (gloves unavailable)
SustAt .         Harm     .     (boots unavailable)
MR     +++..     NoTele   +     (no amulet)
Stlth  ++++++++..               r - ring of Pride {MR+ Int+3}
                                s - ring of wizardry

@: very quick, extremely resistant to hostile enchantments, extraordinarily
stealthy
A: unfitting armour, see invisible, herbivore 3, speed 3, slow metabolism 2
a: Shadow Step, Shadow Form, Renounce Religion


You were in the Dungeon.
You worshipped Dithmenos.
Dithmenos was exalted by your worship.
You were not hungry.

You visited 1 branch You collected 3112 gold pieces.
You spent 1311 gold pieces at shops.

Inventory:

Hand Weapons
 l - a +0 short sword of distortion (weapon)
Armour
 q - a +2 robe of the Archmagi (worn)
 u - a +0 cloak (worn)
Jewellery
 r - the ring of Pride (right hand) {MR+ Int+3}
   (You bought it in a shop in the Dungeon)

   [ring of protection from magic]

   It affects your intelligence (+3).
   It affects your resistance to hostile enchantments.
 s - a ring of wizardry (left hand)
Wands
 k - a wand of iceblast (11/15)
Scrolls
 b - 3 scrolls of identify {unknown}
 j - a scroll of blinking
Potions
 e - 6 potions of curing
 f - a potion of heal wounds
 g - a potion of haste
 h - 2 potions of magic
 i - a potion of berserk rage
 o - a potion of resistance {unknown}
Comestibles
 a - 6 fruits
 d - a bread ration


   Skills:
 + Level 7.5 Fighting
 * Level 13.7 Short Blades
 + Level 6.8 Armour
 * Level 17.1 Dodging
 * Level 18.4 Stealth
 * Level 14.8 Spellcasting
 + Level 6.4 Conjurations
 + Level 11.1 Hexes
 + Level 7.3 Ice Magic
 - Level 3.9 Invocations


You had 28 spell levels left.
You knew the following spells:

 Your Spells              Type           Power        Failure   Level  Hunger
a - Corona                Hex            #######      1%          1    None
b - Ensorcelled Hibernat  Hex/Ice        ######       1%          2    None
c - Confuse               Hex            #######.     1%          3    None
d - Tukima's Dance        Hex            #######.     1%          3    None
e - Dazzling Spray        Conj/Hex       ######..     1%          3    None


Dungeon Overview and Level Annotations

Branches:
Dungeon (1/1)

Altars:
Cheibriados
Dithmenos
Elyvilon
Fedhas
Gozag
Kikubaaqudgha
Makhleb
Nemelex Xobeh
Okawaru
Pakellas
Qazlal
Ru
Sif Muna
Trog
Vehumet
Xom
Yredelemnul
Zin
The Shining One
Jiyva

Shops:
D *([}=(!}[*[*:([[*

Annotations:
D Norris, Tiamat


Innate Abilities, Weirdness & Mutations

You are tiny and cannot use many weapons and most armour.
You have supernaturally acute eyesight.
You are a herbivore.
You cover ground extremely quickly.
You need consume almost no food.


Message History

You now have 1747 gold pieces (gained 27).
You see here 27 gold pieces.
You now have 1774 gold pieces (gained 27).
You see here 27 gold pieces.
You now have 1801 gold pieces (gained 27).
The daeva calls down the wrath of the Shining One upon you.
The Shining One smites you!
You see here a scroll labeled NELYAX EXUC.
b - 3 scrolls labeled NELYAX EXUC (gained 1)
The daeva calls down the wrath of the Shining One upon you.
The Shining One smites you!
* * * LOW HITPOINT WARNING * * *
The daeva calls down the wrath of the Shining One upon you.
The Shining One smites you!
* * * LOW HITPOINT WARNING * * *
There is an open door here.
Unknown command.
The daeva calls down the wrath of the Shining One upon you.
The Shining One smites you!
You die...

..'§§#§#.###§§§#######+#
###§.§§#+#.###'#§§§##
.##+####^..#@#.##§§§#
.#...§§#...###..###§#
.#..^§.+.....##.#A#§#
+###^§§#.....#..###.#
.+.#^§§###++##.##...#
##.#§§###..###..#'###
##.#§.####..###.@.#
##.##+#..#(.#.###.#
##.##(#§§.......#.#
.+§####.§...§§§.#.#
##§#)"+....§.####+#
.#§#####...###..).#
#+.#[((#####...####
####.)...)...###
##.(%....#####


You could see a daeva.

Vanquished Creatures
  4 fire giants (D)
  A hydra (D)
  2 centaur warriors (D)
  Sonja (D)
  A deep troll (D)
  7 unseen horrors (D)
  A lindwurm (D)
  An oklob plant (D)
  A gargoyle (D)
  2 kobold demonologists (D)
  4 demonic crawlers (D)
  A slime creature (D)
  2 redbacks (D)
  A yak (D)
  Sigmund (D)
  12 hogs (D)
  3 giant eyeballs (D)
  A wasp (D)
  7 necrophages (D)
  An ogre (D)
  8 jellies (D)
  Ijyb (D)
  A ballistomycete (D)
  A giant spore (D)
65 creatures vanquished.

Vanquished Creatures (others)
  A gargoyle (D)
  A hog (D)
  A giant spore (D)
3 creatures vanquished.

Grand Total: 68 creatures vanquished

Notes
Turn   | Place    | Note
--------------------------------------------------------------
     0 | D        | Kidiri the Spriggan Enchanter began the quest for the Orb.
     0 | D        | Reached XP level 1. HP: 9/9 MP: 5/5
     2 | D        | Noticed Ijyb
    36 | D        | Killed Ijyb
    36 | D        | Reached skill level 1 in Fighting
    36 | D        | Reached skill level 1 in Armour
    36 | D        | Reached skill level 5 in Stealth
    36 | D        | Reached XP level 2. HP: 4/14 MP: 5/8
    40 | D        | Learned a level 2 spell: Ensorcelled Hibernation
   275 | D        | Noticed an ogre
   277 | D        | Killed an ogre
   277 | D        | Reached skill level 7 in Stealth
   277 | D        | Reached skill level 5 in Spellcasting
   277 | D        | Reached skill level 1 in Ice Magic
   277 | D        | Reached XP level 3. HP: 18/18 MP: 8/10
   277 | D        | Reached XP level 4. HP: 23/23 MP: 9/12
   282 | D        | Learned a level 3 spell: Confuse
   286 | D        | Learned a level 3 spell: Tukima's Dance
   290 | D        | Learned a level 3 spell: Dazzling Spray
   318 | D        | Noticed Sigmund
   323 | D        | Killed Sigmund
   323 | D        | Reached skill level 5 in Short Blades
   323 | D        | Reached skill level 8 in Stealth
   323 | D        | Reached skill level 1 in Conjurations
   323 | D        | Reached skill level 5 in Hexes
   323 | D        | Reached XP level 5. HP: 14/27 MP: 11/15
   469 | D        | Found a snail-covered altar of Cheibriados.
   469 | D        | Found a viscous altar of Jiyva.
   469 | D        | Found a shadowy altar of Dithmenos.
   469 | D        | Found a blossoming altar of Fedhas.
   469 | D        | Noticed a slime creature
   473 | D        | Became a worshipper of Dithmenos the Shadowed
   476 | D        | Killed a slime creature
   476 | D        | Reached skill level 9 in Stealth
   476 | D        | Reached skill level 1 in Invocations
   476 | D        | Reached XP level 6. HP: 32/32 MP: 13/17
   508 | D        | Found a deep blue altar of Sif Muna.
   510 | D        | Found a radiant altar of Vehumet.
   514 | D        | Reached skill level 10 in Stealth
   542 | D        | Found Xefracw's Weapon Emporium.
   542 | D        | Found a white marble altar of Elyvilon.
   542 | D        | Found a stormy altar of Qazlal.
   542 | D        | Found a burning altar of Makhleb.
   542 | D        | Found a sacrificial altar of Ru.
   542 | D        | Found an oddly glowing altar of Pakellas.
   542 | D        | Found a basalt altar of Yredelemnul.
   542 | D        | Found a glowing golden altar of the Shining One.
   542 | D        | Found a sparkling altar of Nemelex Xobeh.
   542 | D        | Found a shimmering altar of Xom.
   542 | D        | Found an opulent altar of Gozag.
   542 | D        | Found an ancient bone altar of Kikubaaqudgha.
   542 | D        | Found a glowing silver altar of Zin.
   542 | D        | Noticed a yak
   546 | D        | Killed a yak
   546 | D        | Reached * piety under Dithmenos
   546 | D        | Reached XP level 7. HP: 36/36 MP: 16/19
   549 | D        | Found an iron altar of Okawaru.
   550 | D        | Found a bloodstained altar of Trog.
   570 | D        | Noticed Sonja
   574 | D        | Killed Sonja
   574 | D        | Reached skill level 10 in Dodging
   574 | D        | Reached skill level 11 in Stealth
   574 | D        | Reached XP level 8. HP: 42/42 MP: 20/22
   593 | D        | Found Noqia's Assorted Antiques.
   602 | D        | Bought a glowing robe for 18 gold pieces
   602 | D        | Bought a paperback book for 390 gold pieces
   626 | D        | Noticed a deep troll
   645 | D        | Killed a deep troll
   645 | D        | Reached skill level 12 in Stealth
   652 | D        | Killed a gargoyle
   662 | D        | Found Mouzahov's Armour Emporium.
   901 | D        | Noticed a centaur warrior
   901 | D        | Noticed a centaur warrior
   903 | D        | Killed a centaur warrior
   903 | D        | Reached ** piety under Dithmenos
   903 | D        | Reached skill level 13 in Stealth
   903 | D        | Reached skill level 10 in Spellcasting
   903 | D        | Reached XP level 9. HP: 46/46 MP: 22/24
   905 | D        | Killed a centaur warrior
   905 | D        | Reached skill level 5 in Fighting
   932 | D        | Noticed an oklob plant
   941 | D        | Killed an oklob plant
   949 | D        | Reached skill level 10 in Short Blades
   949 | D        | Reached skill level 14 in Stealth
   949 | D        | Reached skill level 5 in Ice Magic
   952 | D        | Reached *** piety under Dithmenos
   983 | D        | Noticed an unseen horror
   984 | D        | Noticed an unseen horror
   990 | D        | Killed an unseen horror
   990 | D        | Reached skill level 5 in Armour
   990 | D        | Reached XP level 10. HP: 51/51 MP: 26/26
   992 | D        | Killed an unseen horror
  1097 | D        | Reached **** piety under Dithmenos
  1179 | D        | Reached ***** piety under Dithmenos
  1187 | D        | Reached skill level 15 in Stealth
  1214 | D        | Found Ewefavocw's Gadget Shoppe.
  1214 | D        | Found Zodeubba's Antique Armour Shop.
  1214 | D        | Found Famoupli's Jewellery Boutique.
  1216 | D        | Found Misot's Weapon Emporium.
  1216 | D        | Found Pibuz's Distillery.
  1216 | D        | Found Fileucs's Gadget Shoppe.
  1216 | D        | Found Coba's Antique Armour Boutique.
  1216 | D        | Found Simmel's Assorted Antiques.
  1216 | D        | Found Xuufualivah's Antique Armour Shop.
  1216 | D        | Found Weahomua's Assorted Antiques.
  1220 | D        | Found Xant's Book Boutique.
  1221 | D        | Found Exzefef's Armour Emporium.
  1221 | D        | Found Huosar's Antique Weapon Boutique.
  1222 | D        | Found Owkeuhag's Assorted Antiques.
  1247 | D        | Bought a glowing robe for 18 gold pieces
  1259 | D        | Bought the ring of Pride {MR+ Int+3} for 497 gold pieces
  1264 | D        | Bought a twisted wooden ring for 140 gold pieces
  1264 | D        | Bought a pearl ring for 140 gold pieces
  1271 | D        | Bought a cloak for 108 gold pieces
  1455 | D        | Reached ****** piety under Dithmenos
  1456 | D        | Reached skill level 5 in Conjurations
  1474 | D        | Noticed a lindwurm
  1479 | D        | Killed a lindwurm
  1636 | D        | Reached XP level 11. HP: 55/55 MP: 28/28
  1637 | D        | Reached skill level 16 in Stealth
  1657 | D        | Reached skill level 15 in Dodging
  1672 | D        | Reached skill level 10 in Hexes
  1763 | D        | Noticed a 12-headed hydra
  1765 | D        | Killed a 12-headed hydra
  1835 | D        | Noticed a lorocyproca
  1836 | D        | Noticed Norris
  2530 | D        | Noticed a daeva
  2533 | D        | Noticed an unseen horror
  2533 | D        | Noticed an unseen horror
  2533 | D        | Noticed an unseen horror
  2534 | D        | Noticed an unseen horror
  2536 | D        | Killed an unseen horror
  2537 | D        | Noticed an unseen horror
  2538 | D        | Killed an unseen horror
  2538 | D        | Reached skill level 17 in Stealth
  2539 | D        | Killed an unseen horror
  2542 | D        | Killed an unseen horror
  2545 | D        | Killed an unseen horror
  2549 | D        | Noticed a fire giant
  2552 | D        | Noticed a fire giant
  2552 | D        | Noticed a fire giant
  2552 | D        | Noticed a fire giant
  2553 | D        | Killed a fire giant
  2570 | D        | Killed a fire giant
  2570 | D        | Reached skill level 18 in Stealth
  2570 | D        | Reached XP level 12. HP: 39/63 MP: 23/31
  2698 | D        | Killed a fire giant
  2701 | D        | Killed a fire giant
  2736 | D        | Noticed Tiamat
  2788 | D        | Killed from afar by a daeva

Vault maps used:
D:        dungeon_sprint_1

Skill      XL: |  1  2  3  4  5  6  7  8  9 10 11 12 |
---------------+-------------------------------------+-----
Fighting       | 1 2 3 4 5 6 7 |  7.5
Short Blades   | 2 4 5 6 7 9 10 11 13 | 13.7
Armour         | 1 2 3 4 5 6 |  6.8
Dodging        | 4 6 7 8 9 10 11 13 14 16 17 | 17.1
Stealth        | 5 7 8 9 10 11 13 14 15 18 | 18.4
Spellcasting   | 4 5 6 7 9 10 11 12 14 | 14.8
Hexes          | 4 5 6 7 8 9 10 11 | 11.1
Ice Magic      | 1 2 3 4 5 7 |  7.3
Conjurations   | 1 2 3 4 5 6 |  6.4
Invocations    | 1 2 3 |  3.9

Action                   |  1- 3 |  4- 6 |  7- 9 | 10-12 || total
-------------------------+-------+-------+-------+-------++-------
Melee: Dagger            |    28 |     6 |     1 |       ||    35
       Short sword       |       |       |    14 |    61 ||    75
 Cast: Corona            |     3 |       |       |       ||     3
       Ensorcelled Hiber |       |     2 |     3 |    17 ||    22
       Dazzling Spray    |       |     1 |       |    12 ||    13
       Confuse           |       |       |     2 |       ||     2
Invok: Shadow Step       |       |       |       |     3 ||     3
  Use: Scroll            |       |       |       |     3 ||     3
       Potion            |       |       |       |     1 ||     1
 Stab: Sleeping          |     1 |     4 |     9 |    41 ||    55
       Confused          |       |       |     2 |       ||     2
Armor: Robe              |     2 |       |       |     3 ||     5
Dodge: Dodged            |    21 |     2 |       |    47 ||    70
